 Dungeon Crawl Stone Soup version 0.26.1-2-gb8aa6d0cf2 (webtiles) character file.

Game seed: 14891695517159476158

470 Qrupt the Sneak (level 7, -1/41 HPs)
             Began as an Octopode Earth Elementalist on Feb 28, 2021.
             Was an Initiate of Sif Muna.
             Slain by a gnoll
             ... wielding a +3 flail of venom
              (12 damage)
             ... on level 5 of the Dungeon.
             The game lasted 00:06:17 (4607 turns).

Qrupt the Sneak (Octopode Earth Elementalist)       Turns: 4607, Time: 00:06:18

Health: -1/41      AC:  1    Str:  7    XL:     7   Next: 9%
Magic:  20/21      EV: 13    Int: 19    God:    Sif Muna [......]
Gold:   85         SH:  4    Dex: 13    Spells: 7/13 levels left

rFire    + . .     SeeInvis .   m - +2 short sword (freeze)
rCold    . . .     Faith    .   h - +1 buckler
rNeg     . . .     Spirit   .   (helmet restricted)
rPois    .         Reflect  .   (no amulet)
rElec    .         Harm     .   a - ring of flight
rCorr    .         Rampage  .   f - ring of protection from fire
Will     .....                  k - ring of magical power
Stlth    ++++......             (no ring)
HPRegen  0.13/turn              (no ring)
MPRegen  0.17/turn              (no ring)
                                (no ring)
                                (no ring)

@: lethally poisoned (-1 -> -11)
A: almost no armour, stealthy swim, amphibious, 8 rings, constrict 8, camouflage
1, gelatinous body 1
a: Renounce Religion, Evoke Flight


You were on level 5 of the Dungeon.
You worshipped Sif Muna.
Sif Muna was noncommittal.
You visited 1 branch of the dungeon, and saw 5 of its levels.

You collected 85 gold pieces.

Inventory:

Hand Weapons
 m - a +2 short sword of freezing (weapon)
Missiles
 b - 119 stones
 i - 13 poisoned darts
 s - 5 curare-tipped darts
Armour
 h - a +1 buckler (worn)
Jewellery
 a - a ring of flight (left tentacle)
 f - a ring of protection from fire (right tentacle)
 k - a ring of magical power (on tentacle)
Scrolls
 c - 2 scrolls of enchant weapon {unknown}
 d - 3 scrolls of enchant armour
 g - 2 scrolls of teleportation {unknown}
 j - a scroll of noise {unknown}
 n - a scroll of magic mapping {unknown}
 p - a scroll of amnesia {unknown}
 q - a scroll of random uselessness {unknown}
 t - a scroll of identify {unknown}
Potions
 e - 3 potions of curing {unknown}
 l - 2 potions of might {unknown}
 o - 2 potions of resistance {unknown}
 r - 2 potions of haste {unknown}


   Skills:
 - Level 2.4 Dodging
 + Level 5.5 Stealth
 + Level 3.7 Spellcasting
 + Level 3.5 Transmutations
 + Level 4.5 Earth Magic


You had 7 spell levels left.
You knew the following spells:

 Your Spells              Type           Power        Failure   Level
a - Sandblast             Erth           40%          3%          1
b - Passwall              Tmut/Erth      15%          7%          2
c - Stone Arrow           Conj/Erth      24%          28%         3

Your spell library contained the following spells:

 Spells                   Type           Power        Failure   Level
 Magic Dart               Conj           12%          24%         1
 Blink                    Tloc           N/A          34%         2
 Call Imp                 Summ           3%           34%         2
 Slow                     Hex            3%           34%         2
 Petrify                  Tmut/Erth      18%          41%         4
 Conjure Flame            Conj/Fire      3%           56%         3
 Mephitic Cloud           Conj/Pois/Air  3%           56%         3
 Lee's Rapid Deconstruct  Erth           10%          69%         5


Dungeon Overview and Level Annotations

Branches:
Dungeon (5/15)
 Temple: D:4-7

Altars:
Nemelex Xobeh
Okawaru
Ru
Sif Muna


Innate Abilities, Weirdness & Mutations

You cannot wear most types of armour.
You are very stealthy in the water. (Stealth+)
You are amphibious.
You can wear up to eight rings at the same time.
You can use your tentacles to constrict eight enemies at once.
Your skin changes colour to match your surroundings (Stealth+).
Your rubbery body absorbs attacks. (AC +1, EV +1)


Message History

You feel sick.
You feel sick.
You feel sick.
You feel sick.
You feel sick.
You feel sick.
You feel sick.
* * * LOW HITPOINT WARNING * * *
You feel sick.
Casting: Sandblast (safe; 3% risk of failure)
Confirm with . or Enter, or press ? or * to list all spells.
Aiming: Sandblast (safe; 3% risk of failure)
Press: ? - help, Shift-Dir - straight line, f - gnoll
Aim: a gnoll, wielding a +3 flail of venom (moderately wounded, 17% to evade)
The blast of sand hits the gnoll.
The gnoll is heavily wounded.
* * * LOW HITPOINT WARNING * * *
You feel sick.
The gnoll hits you with a +3 flail of venom!
You die...

#..........# #.#
#.########## #.# #.# #.# #.#
#.# ### #.# . #.# .=#######
#.# ........############ #.#
............gSg@...#######.#
#.#.$...##########.........#
........# #.#########
#.#####g# #.# #.# ### #.#
#.# #.# ..#


You could see 2 gnolls and an adder.

Vanquished Creatures
  Grinder (D:3)
  2 hounds
  An orc wizard (D:4)
  2 worker ants (D:4)
  4 gnolls
  3 adders
  An ooze (D:3)
  A worm (D:2)
  2 dart slugs (D:2)
  3 leopard geckos (D:3)
  14 orcs
  3 bats
  2 giant cockroaches
  4 goblins
  5 hobgoblins
  2 jackals (D:4)
  A quokka (D:4)
  4 frilled lizards
  2 kobolds
  8 rats
65 creatures vanquished.

Vanquished Creatures (others)
  An adder skeleton (D:4)
  17 plants (D:3)
18 creatures vanquished.

Grand Total: 83 creatures vanquished

Notes
Turn   | Place    | Note
-------+----------+-------------------------------------------
     0 | D:1      | Qrupt the Octopode Earth Elementalist began the quest for
                  | the Orb.
     0 | D:1      | Reached XP level 1. HP: 11/11 MP: 3/3
   451 | D:1      | Reached XP level 2. HP: 17/17 MP: 3/5
   492 | D:1      | Reached skill level 3 in Stealth
  1352 | D:2      | Reached XP level 3. HP: 21/21 MP: 4/6
  1359 | D:2      | Found a sparkling altar of Nemelex Xobeh.
  1970 | D:3      | Reached XP level 4. HP: 20/27 MP: 7/7
  2255 | D:3      | Found an iron altar of Okawaru.
  2559 | D:3      | Found a sacrificial altar of Ru.
  2605 | D:3      | Noticed Grinder
  2617 | D:3      | Learned a level 2 spell: Passwall
  2621 | D:3      | Learned a level 3 spell: Stone Arrow
  2653 | D:3      | Paralysed by Grinder for 3 turns
  2659 | D:3      | Killed Grinder
  2660 | D:3      | Reached skill level 5 in Stealth
  2660 | D:3      | Reached XP level 5. HP: 11/31 MP: 9/9
  2660 | D:3      | Reached XP level 6. HP: 13/36 MP: 10/10
  3378 | D:4      | Found a shimmering blue altar of Sif Muna.
  4454 | D:5      | Entered Level 5 of the Dungeon
  4510 | D:4      | Became a worshipper of Sif Muna the Loreminder
  4547 | D:5      | Reached XP level 7. HP: 41/41 MP: 12/12
  4607 | D:5      | Slain by a gnoll

Illustrated notes

Levels and vault maps discovered:
D:1:      dpeg_arrival_radiant, layout_loops_ring
D:2:      layout_basic, nemelex_diamond_rough_becter
D:3:      layout_loops_corners, okawaru_altar_gauntlet_db,
          nicolae_ru_the_path_less_chosen, chequers_serial_rivers_marsh,
          guppyfry_early_lair_pool, uniq_grinder
D:4:      layout_cave_pods, kennysheep_mini, lemuel_old_faithful
D:5:      layout_basic, nicolae_overflow_hidden_temple, gammafunk_ghost_grave

Skill      XL: |  1  2  3  4 |
---------------+-------------+-----
Stealth        | 3 5 |  5.5
Transmutations | 2 3 |  3.5
Spellcasting   | 3 |  3.7
Earth Magic    | 4 |  4.5
Dodging        | |  2.4

Action                   |  1- 3 |  4- 6 |  7- 9 || total
-------------------------+-------+-------+-------++-------
Melee: Unarmed           |    44 |       |       ||    44
       Constrict         |    16 |    10 |     1 ||    27
       Tentacles         |    13 |     4 |     1 ||    18
       Short sword       |    14 |    38 |     3 ||    55
 Cast: Sandblast         |    18 |    34 |     1 ||    53
  Use: Scroll            |       |     1 |       ||     1
 Stab: Sleeping          |     4 |     4 |     1 ||     9
       Distracted        |     1 |       |       ||     1
Armor: Skin              |     9 |     1 |       ||    10
Dodge: Dodged            |    32 |    43 |       ||    75
Block: Buckler           |     1 |     6 |       ||     7
